 Dungeon Crawl Stone Soup version 0.30-a0-358-g0d69a1922f (webtiles) character file.

Game seed: 15829352895620552116

319 MachoJfn the Magician (level 6, 0/42 HPs)
             Began as a Mummy Necromancer on Nov 10, 2022.
             Slain by an ice beast (7 damage)
             ... on level 5 of the Dungeon.
             The game lasted 00:31:55 (1876 turns).

MachoJfn the Magician (Mummy Necromancer)           Turns: 1876, Time: 00:31:55

Health: 0/42       AC:  2    Str: 11    XL:     6   Next: 21%
Magic:  12/14      EV: 12    Int: 17    God:
Gold:   132        SH:  0    Dex: 12    Spells: 15/16 levels left

rFire   x . .      SeeInvis .    c - staff of death
rCold   + . .      Faith    +    (no shield)
rNeg    + + +      Spirit   .    a - +0 robe
rPois   ∞          Reflect  .    (no helmet)
rElec   .          Harm     .    (no cloak)
rCorr   .          Rampage  .    (no gloves)
Will    .....                    (no boots)
Stlth   ++........               b - amulet of magic regeneration
HPRegen 0.27/turn                k - ring of positive energy
MPRegen 0.54/turn                (no ring)

@: no status effects
A: cold resistance 1, negative energy resistance 3, torment resistance 2, heat
vulnerability 1, in touch with death 1, no potions, faith
a: no special abilities


You were on level 5 of the Dungeon.
You visited 1 branch of the dungeon, and saw 5 of its levels.

You collected 132 gold pieces.

Inventory:

Hand Weapons
 o - a +2 scythe of venom
Missiles
 f - 15 stones
 i - a throwing net (quivered)
Armour
 a - a +0 robe (worn)
 p - a +2 robe of willpower
Magical Staves
 c - a staff of death (weapon)
Jewellery
 b - an amulet of magic regeneration (around neck)
 k - a ring of positive energy (left hand)
 m - a +6 ring of strength
Wands
 n - a wand of iceblast (2)
Scrolls
 h - 3 scrolls of fog
 l - a scroll of poison
 q - a scroll of identify
 r - 3 scrolls of amnesia
Potions
 d - a potion of attraction {unknown}
 e - 2 potions of curing {unknown}
 j - 2 potions of haste {unknown}


   Skills:
 + Level 0.5 Fighting
 + Level 0.8 Staves
 + Level 2.0 Dodging
 + Level 1.8 Stealth
 + Level 0.3 Unarmed Combat
 + Level 5.6 Spellcasting
 + Level 5.5 Necromancy


You had 15 spell levels left.
You knew the following spells:

 Your Spells              Type           Power      Damage    Failure   Level
a - Necrotise             Necr           100%       1d9       1%          1

Your spell library contained the following spells:

 Spells                   Type           Power      Damage    Failure   Level
 Vampiric Draining        Necr           52%        2d9       4%          3
 Slow                     Hex            16%        N/A       13%         1
 Animate Dead             Necr           52%        N/A       13%         4
 Confusing Touch          Hex            4%         N/A       36%         3
 Agony                    Necr           52%        N/A       36%         5


Dungeon Overview and Level Annotations

Branches:
Dungeon (5/15)
 Temple: D:4-7

Altars:
Okawaru


Innate Abilities, Weirdness & Mutations

You are immune to poison.
Your flesh is cold resistant. (rC+)
You are immune to negative energy. (rN+++)
You are immune to unholy pain and torment.
You are vulnerable to heat. (rF-)
You are in touch with the powers of death.
You do not drink.
You have a special connection with the divine. (Faith)


Message History

You resist.
Casting: Necrotise (safe; 1% risk of failure)
Confirm with . or Enter, or press ? or * to list all spells.
Aiming: Necrotise (safe; 1% risk of failure)
Press: ? - help, Shift-Dir - straight line, f - ice beast
Aim: an ice beast (lightly wounded, ally target, chance to affect: 83%)
You feel a strong surge of power!
The ice beast writhes in agony.
The ice beast hits you. The ice beast freezes you. You resist.
Casting: Necrotise (safe; 1% risk of failure)
Confirm with . or Enter, or press ? or * to list all spells.
Aiming: Necrotise (safe; 1% risk of failure)
Press: ? - help, Shift-Dir - straight line, f/p - ice beast
Aim: an ice beast (lightly wounded, ally target, chance to affect: 83%)
You feel a strong surge of power!
The ice beast barely resists.
The ice beast hits you. The ice beast freezes you. You resist.
* * * LOW HITPOINT WARNING * * *
The ice beast attacks as you move away! The ice beast completely misses you.
Your hound skeleton bites the ice beast.
Casting: Necrotise (safe; 1% risk of failure)
Confirm with . or Enter, or press ? or * to list all spells.
Aiming: Necrotise (safe; 1% risk of failure)
Press: ? - help, Shift-Dir - straight line, f/p - ice beast
Aim: an ice beast (lightly wounded, ally target, chance to affect: 83%)
You feel a strong surge of power!
The ice beast barely resists.
Your hound skeleton bites the ice beast.
Your hound skeleton barely misses the ice beast.
The ice beast barely misses you.
Okay, then.
Really read the scroll of immolation? [Y]es or [N]o only, please.
Really read the scroll of immolation?
As you read the scroll of immolation, it crumbles to dust.
The creatures around you are filled with an inner flame!
Your hound skeleton bites the ice beast.
Flame seeps out of the ice beast.
The ice beast is engulfed in blazing flames.
Flame seeps out of the ice beast.
The ice beast hits you.
* * * LOW HITPOINT WARNING * * *
The ice beast freezes you! You resist.
You die...

#.#.. #.#.. ....
.# ####..# .###
...... ... #
##...##.##
#.#........# .#
#.....@....#$.#
#(##...Y......#
#......Z..o...#
#....##.###...##
#...............
#######.#####..o
#.# #<# ###


You could see an ice beast (inner flame, ally target), an orc (inner flame) and
a friendly hound skeleton (inner flame).

Vanquished Creatures
  Sigmund (D:4)
  A hound (D:5)
  Natasha (D:4)
  4 adders
  A dart slug (D:4)
  An orc (D:3)
  3 ball pythons
  2 bats (D:1)
  5 endoplasms
  2 giant cockroaches
  6 hobgoblins
  3 jackals (D:3)
  2 quokkas (D:2)
  2 frilled lizards
  4 goblins
  3 kobolds
  4 rats
45 creatures vanquished.

Vanquished Creatures (collateral kills)
  An adder (D:2)
  A dart slug (D:2)
2 creatures vanquished.

Grand Total: 47 creatures vanquished

Notes
Turn   | Place    | Note
-------+----------+-------------------------------------------
     0 | D:1      | MachoJfn the Mummy Necromancer began the quest for the Orb.
     0 | D:1      | Reached XP level 1. HP: 13/13 MP: 4/4
   182 | D:1      | Reached XP level 2. HP: 5/19 MP: 3/5
   658 | D:2      | Gained mutation: You are in touch with the powers of death.
                  | [Mummy growth]
   658 | D:2      | Reached XP level 3. HP: 17/24 MP: 7/7
   929 | D:3      | Found an iron altar of Okawaru.
  1234 | D:3      | Reached XP level 4. HP: 28/30 MP: 9/9
  1461 | D:4      | Noticed Sigmund
  1481 | D:4      | Killed Sigmund
  1482 | D:4      | Reached skill level 5 in Spellcasting
  1482 | D:4      | Reached skill level 5 in Necromancy
  1482 | D:4      | Reached XP level 5. HP: 13/36 MP: 6/12
  1648 | D:4      | Noticed a phantom
  1674 | D:4      | Noticed Natasha
  1693 | D:4      | Killed Natasha
  1694 | D:4      | Reached XP level 6. HP: 34/42 MP: 12/14
  1861 | D:5      | Entered Level 5 of the Dungeon
  1863 | D:5      | Noticed an ice beast
  1876 | D:5      | Slain by an ice beast

Illustrated notes

Levels and vault maps discovered:
D:1:      noname_arrival_rooms_in_the_neighbourhood, layout_loops_cross
D:2:      layout_loops_ring
D:3:      layout_loops_ring, okawaru_trees_2
D:4:      layout_loops_cross, uniq_sigmund, uniq_duvessa, uniq_natasha
D:5:      layout_basic, lemuel_zombie_altar_yredelemnul,
          nicolae_hepliaklqana_monster_ancestors, uniq_ijyb

Skill      XL: |  1  2  3  4 |
---------------+-------------+-----
Spellcasting   | 3 5 |  5.6
Dodging        | 2 |  2.0
Necromancy     | 5 |  5.5
Fighting       | |  0.5
Staves         | |  0.8
Stealth        | |  1.8
Unarmed Combat | |  0.3

Action                   |  1- 3 |  4- 6 || total
-------------------------+-------+-------++-------
Melee: Unarmed           |    19 |       ||    19
       Staff             |    43 |    15 ||    58
 Cast: Necrotise         |    48 |    35 ||    83
  Use: Scroll            |     3 |     6 ||     9
Armor: Robe              |    13 |     3 ||    16
Dodge: Dodged            |    58 |    26 ||    84

Table legend: (Time is in decaauts)
 A = Elapsed time spent in this place.
 B = Non-inter-level travel time spent in this place.
 C = Inter-level travel time spent in this place.
 D = Time resting spent in this place.
 E = Time spent auto-exploring this place.
 F = Levels seen in this place.
 G = Mean time per level.
                   A        B        C        D        E       F      G
               +--------+--------+--------+--------+--------+-----+--------+
         Total |   1884 |    605 |   1279 |    100 |     40 |   5 |  376.8 |
       Dungeon |   1884 |    605 |   1279 |    100 |     40 |   5 |  376.8 |
               +--------+--------+--------+--------+--------+-----+--------+

Top non-repeatable levels by time:
     D:3: 613 daAuts
     D:1: 565 daAuts
     D:4: 399 daAuts
     D:2: 291 daAuts
     D:5: 14 daAuts
